 Dungeon Crawl Stone Soup version 0.27.1 (webtiles) character file.

Game seed: 17668759569404652005

1115 Naeght the Ducker (level 8, 0/63 HPs)
             Began as a Merfolk Gladiator on Aug 23, 2021.
             Slain by a killer bee (5 damage)
             ... on level 4 of the Dungeon.
             The game lasted 00:06:38 (4845 turns).

Naeght the Ducker (Merfolk Gladiator)               Turns: 4845, Time: 00:06:38

Health: 0/63       AC:  6    Str: 15    XL:     8   Next: 34%
Magic:  0/13       EV: 15    Int: 15    God:
Gold:   287        SH:  0    Dex: 15    Spells: 11/14 levels left

rFire    + . .     SeeInvis .   f - +2 dagger (elec)
rCold    . . .     Faith    .   (no shield)
rNeg     . . .     Spirit   +   b - +0 leather armour
rPois    .         Reflect  .   c - +1 helmet
rElec    .         Harm     .   (no cloak)
rCorr    .         Rampage  .   (no gloves)
Will     .....                  i - +0 pair of boots
Stlth    +.........             n - amulet of guardian spirit
HPRegen  0.20/turn              t - +6 ring of intelligence
MPRegen  0.13/turn              u - ring of protection from fire

@: lethally poisoned (0 -> -13), very slightly contaminated
A: (nimble swimmer 2), mertail
a: no special abilities


You were on level 4 of the Dungeon.
You visited 1 branch of the dungeon, and saw 5 of its levels.

You collected 287 gold pieces.

Inventory:

Hand Weapons
 a - a +0 trident
 f - a +2 dagger of electrocution (weapon)
Missiles
 d - a throwing net
Armour
 b - a +0 leather armour (worn)
 c - a +1 helmet (worn)
 i - a +0 pair of boots (worn)
Jewellery
 n - an amulet of guardian spirit (around neck)
 t - a +6 ring of intelligence (left hand)
 u - a ring of protection from fire (right hand)
Wands
 k - a wand of flame (11)
 o - a wand of digging (10)
Scrolls
 e - 2 scrolls of teleportation {unknown}
 h - 2 scrolls of identify {unknown}
 j - a scroll of blinking {unknown}
 m - 2 scrolls of enchant armour
 p - a scroll of magic mapping {unknown}
 q - a scroll of holy word {unknown}
Potions
 g - 3 potions of curing
 l - 2 potions of brilliance {unknown}
 r - a potion of heal wounds {unknown}
 s - a potion of haste {unknown}


   Skills:
 + Level 5.4 Fighting
 - Level 3.0 Short Blades
 - Level 4.8 Polearms
 - Level 2.0 Throwing
 + Level 7.2 Dodging
 * Level 3.7 Spellcasting
 * Level 4.2 Summonings


You had 11 spell levels left.
You knew the following spells:

 Your Spells              Type           Power      Damage    Failure   Level
a - Call Canine Familiar  Summ           15%        N/A       12%         3

Your spell library contained the following spells:

 Spells                   Type           Power      Damage    Failure   Level
 Summon Small Mammal      Summ           60%        N/A       4%          1
 Summon Guardian Golem    Hex/Summ       9%         N/A       28%         3


Dungeon Overview and Level Annotations

Branches:
Dungeon (5/15)
 Temple: D:4-7

Altars:
Gozag


Innate Abilities, Weirdness & Mutations

((You are quick and stealthy near water. (Stealth+, EV+, Speed+++)))
Your lower body shifts to a powerful aquatic tail in water.


Message History

The killer bee stings you but does no damage.
The killer bee closely misses you. The killer bee barely misses you.
There is a stone staircase leading up here.
You feel sick. The killer bee misses you. The killer bee closely misses you. x2
The killer bee misses you. The killer bee stings you.
* * * LOW HITPOINT WARNING * * *
You climb upwards.
You feel sick.
There is a stone staircase leading down here.
As you read the scroll labelled VAXU LUR QEA, it crumbles to dust.
It is a scroll of enchant armour.
Your +0 helmet glows green for a moment.
You feel sick. The killer bee closely misses you. x2
The killer bee stings you but does no damage.
The killer bee closely misses you. The killer bee barely misses you. x2
Okay, then.
It was a potion of curing.
You feel better. The killer bee barely misses you. The killer bee stings you.
* * * LOW HITPOINT WARNING * * *
The killer bee barely misses you. The killer bee closely misses you.
The killer bee barely misses you. The killer bee closely misses you.
You miss the killer bee.
The killer bee is severely wounded.
The killer bee completely misses you. The killer bee misses you.
The killer bee closely misses you. x2
Unknown command.
You are too injured to fight recklessly!
Casting: Call Canine Familiar (dangerous; 12% risk of failure)
Press: ? - help, Q - select action, (/) - cycle Dir - look around, f - activate You miscast Call Canine Familiar.
You are very lightly contaminated with residual magic.
Nothing appears to happen.
The killer bee stings you.
* * * LOW HITPOINT WARNING * * *
You are poisoned.
The killer bee poisons you! The killer bee stings you.
* * * LOW HITPOINT WARNING * * *
You are more poisoned.
The killer bee poisons you! The killer bee barely misses you.
The killer bee stings you.
You die...

##.............. ##.......##...<
### ####.....###...# #####.#
##.##............ ##.#...##
#...#............ #.......#
#................ #......##
#......#.....)... ##......#
###.....##........
#......####@#......#........
###.....###.yyy......#........
#....................###......
##.....#............#.#........
##....##.##..(..[........##.....
#.....#...#......#........##..#.
##.....#...#...####.........##...
#......#.#.#...###.....>....##...
)......##.##...#......(.....##...


You could see 3 killer bees.

Vanquished Creatures
  The ghost of RatsInWalls the Cudgeller, an amateur PaMo (D:4)
  A yak (D:5)
  3 ogres
  A jelly (D:4)
  2 bullfrog skeletons (D:5)
  A hound (D:5)
  An iguana (D:5)
  Natasha (thrice) (D:2)
  2 killer bee zombies (D:5)
  A hound skeleton (D:4)
  Robin (D:3)
  3 gnolls (D:5)
  5 adders
  3 worms (D:4)
  3 dart slugs
  2 orcs (D:4)
  8 bats
  7 endoplasms
  3 giant cockroaches
  16 goblins
  11 hobgoblins
  8 kobolds
  6 quokkas
  6 ball pythons
  4 frilled lizards
  6 rats
108 creatures vanquished.

Vanquished Creatures (collateral kills)
  An ogre (D:5)
1 creature vanquished.

Vanquished Creatures (others)
  2 plants (D:5)
2 creatures vanquished.

Grand Total: 111 creatures vanquished

Notes
Turn   | Place    | Note
-------+----------+-------------------------------------------
     0 | D:1      | Naeght the Merfolk Gladiator began the quest for the Orb.
     0 | D:1      | Reached XP level 1. HP: 16/16 MP: 1/1
   301 | D:1      | Found a faded altar of an unknown god.
   428 | D:1      | Reached XP level 2. HP: 23/23 MP: 2/2
  1132 | D:2      | Reached XP level 3. HP: 21/28 MP: 3/3
  1310 | D:2      | Noticed Natasha
  1317 | D:2      | Killed Natasha
  1318 | D:2      | Reached skill level 1 in Short Blades
  1324 | D:2      | Reached XP level 4. HP: 13/35 MP: 4/4
  1436 | D:2      | Noticed Natasha
  1442 | D:2      | Killed Natasha
  1443 | D:2      | Reached skill level 5 in Dodging
  1908 | D:2      | Noticed Natasha
  1915 | D:2      | Killed Natasha
  1916 | D:2      | Reached XP level 5. HP: 41/42 MP: 5/5
  2489 | D:3      | Noticed Robin
  2507 | D:3      | Killed Robin
  3165 | D:4      | Found an opulent altar of Gozag.
  3188 | D:4      | Reached skill level 6 in Dodging
  3188 | D:4      | Reached XP level 6. HP: 37/49 MP: 4/6
  3192 | D:4      | Learned a level 3 spell: Call Canine Familiar
  3368 | D:4      | Reached skill level 1 in Spellcasting
  3368 | D:4      | Reached skill level 1 in Summonings
  3432 | D:4      | Found a large runed translucent door.
  3432 | D:4      | Found a large runed translucent door.
  3432 | D:4      | Noticed RatsInWalls's ghost (amateur PaMo)
  3696 | D:4      | Killed RatsInWalls's ghost
  3697 | D:4      | Reached XP level 7. HP: 43/55 MP: 4/10
  3782 | D:5      | Entered Level 5 of the Dungeon
  3965 | D:5      | Reached skill level 5 in Fighting
  4318 | D:5      | Noticed a yak
  4319 | D:5      | Noticed a yak
  4320 | D:5      | Noticed a yak
  4321 | D:5      | Noticed a yak
  4326 | D:5      | Killed a yak
  4327 | D:5      | Reached skill level 7 in Dodging
  4327 | D:5      | Reached XP level 8. HP: 45/62 MP: 7/13
  4845 | D:4      | Slain by a killer bee

Illustrated notes

Levels and vault maps discovered:
D:1:      shiori_angband_town, layout_basic, basic_ecumenical_altar,
          serial_park_tiny_2, minmay_misc_feat_iff
D:2:      layout_basic, grunt_ministairs_1, minmay_box_of_dots, uniq_natasha
D:3:      layout_rooms, uniq_robin
D:4:      layout_cave_pools, grunt_gozag_statues, ebering_ghost_disaster_area,
          minmay_distorted
D:5:      layout_gridville, marbit_many_paths,
          minmay_temple_entry_statues_fountains, serial_shops,
          kennysheep_mini_moat, minivault_4, grunt_ministairs_9, hex_medium,
          guppyfry_early_lair_pool

Skill      XL: |  1  2  3  4  5  6  7  8 |
---------------+-------------------------+-----
Fighting       | 3 4 5 |  5.4
Short Blades   | 1 2 3 |  3.0
Dodging        | 5 6 7 |  7.2
Spellcasting   | 2 3 |  3.7
Summonings     | 2 3 4 |  4.2
Polearms       | |  4.8
Throwing       | |  2.0

Action                   |  1- 3 |  4- 6 |  7- 9 || total
-------------------------+-------+-------+-------++-------
Melee: Trident           |    15 |       |       ||    15
       Dagger            |    63 |   195 |    84 ||   342
       Tailslap          |       |       |     1 ||     1
Throw: Throwing net      |       |       |     2 ||     2
 Cast: Call Canine Famil |       |       |     3 ||     3
  Use: Scroll            |       |       |     1 ||     1
       Potion            |       |       |     1 ||     1
 Stab: Sleeping          |     1 |     1 |       ||     2
       Distracted        |       |       |     1 ||     1
Armor: Leather armour    |    13 |    34 |    18 ||    65
Dodge: Dodged            |    61 |   124 |    75 ||   260
